 Dungeon Crawl Stone Soup version 0.16.2-12-gd0ad4c3 (webtiles) character file.

1320 faibistes the Thaumaturge (level 8, -1/48 HPs)
             Began as a Deep Elf Wizard on Apr 28, 2019.
             Killed by divine providence
             ... invoked by an orc priest
              (14 damage)
             ... on level 5 of the Dungeon.
             The game lasted 00:12:07 (4999 turns).

faibistes the Thaumaturge (Deep Elf Wizard)         Turns: 4999, Time: 00:12:07

Health: -1/48      AC:  4    Str:  4    XL:     8   Next: 33%
Magic:  3/28       EV: 15    Int: 26    God:
Gold:   230        SH:  0    Dex: 13    Spells: 6 memorised, 12 levels left

rFire  . . .     SeeInvis .     w - +6 short sword (venom)
rCold  + . .     Clarity  .     a - +0 robe
rNeg   + . .     SustAb   .     (no shield)
rPois  .         Gourm    .     b - +0 hat
rElec  .         Spirit   .     (no cloak)
rCorr  .         Warding  +     (no gloves)
rMut   .         Stasis   .     n - +1 pair of boots
MR     .....                    D - amulet of warding
Stlth  ++........               (no ring)
                                t - ring of protection from cold

@: very slightly contaminated, repel missiles, not resistant to hostile
enchantments, unstealthy
A: no striking features
a: no special abilities


You were on level 5 of the Dungeon.
You were not hungry.

You visited 1 branch of the dungeon, and saw 5 of its levels.

You collected 230 gold pieces.

Inventory:

Hand weapons
 h - a +0 club
 i - a +0 dagger
 k - the cursed -2 dagger "Crasamon" {flame, -Tele Str+3 Dex+6, unknown}
   (You found it on level 4 of the Dungeon)

   It has been specially enchanted to burn those struck by it, causing extra
   injury to most foes and up to half again as much damage against particularly
   susceptible opponents.
   It affects your strength (+3).
   It affects your dexterity (+6).
   It prevents most forms of teleportation.
   It has a curse placed upon it.
 w - a +6 short sword of venom (weapon)
 C - a +1 dagger of holy wrath
Armour
 a - a +0 robe (worn)
 b - a +0 hat (worn)
 n - a +1 pair of boots (worn)
Jewellery
 t - a ring of protection from cold (left hand)
 D - an amulet of warding (around neck)
Scrolls
 f - a scroll of remove curse {unknown}
 l - a scroll of enchant armour {unknown}
 m - a scroll of immolation {unknown}
 s - 2 scrolls of magic mapping {unknown}
 u - 2 scrolls of identify {unknown}
 E - 2 scrolls of fear {unknown}
 F - a scroll of recharging {unknown}
Potions
 e - 2 potions of curing {unknown}
 j - 2 potions of might {unknown}
 o - a potion of beneficial mutation {unknown}
 q - 2 potions of heal wounds {unknown}
 r - 2 potions of restore abilities {unknown}
 z - a potion of lignification {unknown}
 A - a potion of flight {unknown}
 B - a potion of cure mutation {unknown}
 G - a potion of mutation {unknown}
Books
 c - a book of Minor Magic

   Spells                             Type                      Level
   a - Magic Dart                     Conjuration                  1
   b - Blink                          Translocation                2
   c - Call Imp                       Summoning                    2
   d - Repel Missiles                 Charms/Air                   2
   e - Slow                           Hexes                        2
   f - Conjure Flame                  Conjuration/Fire             3
   g - Mephitic Cloud                 Conjuration/Poison/Air       3
 y - a book of the Sky

   Spells                             Type                      Level
   a - Flight                         Charms/Air                   3
   b - Airstrike                      Air                          4
   c - Silence                        Hexes/Air                    5
   d - Deflect Missiles               Charms/Air                   6
   e - Conjure Ball Lightning         Conjuration/Air              6
   f - Tornado                        Air                          9
Comestibles
 d - 5 bread rations
 g - 4 beef jerkies
 p - 5 meat rations
 v - 3 chunks of flesh
 x - 8 fruits


   Skills:
 * Level 3.6 Fighting
 + Level 6.1 Dodging
 - Level 2.4 Stealth
 * Level 9.3 Spellcasting
 - Level 4.0 Conjurations
 - Level 1.1 Summonings
 - Level 2.6 Translocations


You had 12 spell levels left.
You knew the following spells:

 Your Spells              Type           Power        Failure   Level  Hunger
a - Magic Dart            Conj           ####         1%          1    None
b - Conjure Flame         Conj/Fire      ###.....     10%         3    None
c - Call Imp              Summ           ###.....     6%          2    None
d - Blink                 Tloc           N/A          2%          2    None
e - Mephitic Cloud        Conj/Pois/Air  ###.....     10%         3    None
f - Repel Missiles        Chrm/Air       ##....       10%         2    None


Dungeon Overview and Level Annotations

Branches:
Dungeon (5/15)
 Temple: D:4-7

Altars:
Nemelex Xobeh
Okawaru
Trog

Shops:
D:5 %


Message History

The wyvern bites you!! The wyvern bites you!
* * * LOW HITPOINT WARNING * * *
Casting: Conjure Flame
Confirm with . or Enter, or press ? or * to list all spells.
You blink.
Casting: Blink
Confirm with . or Enter, or press ? or * to list all spells.
You blink.
Casting: Blink
Confirm with . or Enter, or press ? or * to list all spells.
Aiming: Mephitic Cloud
Press: ? - help, Shift-Dir - straight line, f - wyvern
Aim: a wyvern (moderately wounded, poisoned)
The ball explodes into a vile cloud!
The stinking cloud engulfs the wyvern.
The wyvern is moderately wounded.
The wyvern is engulfed in noxious fumes.
The wyvern appears confused.
The orc priest invokes the aid of Beogh against you.
Something smites you!
You die...

## ...########
...o....?.###
.......D§!+..
.........§§# .#
..).)..)§§.# .. #
.....###..####. .
. ##...##P ##
##♣♣♣♣ ##@.♣##P♣♣
.. ...#.#
#.....♣♣.♣♣.#
##.#.#
#P.P♣♣..P..P.# #.#
#P.♣♣♣.♣.PP♣♣...#
# #.#
#..P♣♣.P..P.♣♣...#
#.#
#♣♣♣.♣P..♣♣♣♣PP.
####.#
♣♣.....♣♣P......
..(..#
#♣♣.PP.♣♣....P♣♣
###..#
##.PP..♣P....P..♣


You could see a wyvern (confused) and an orc priest.

Vanquished Creatures
  The ghost of PeterLawrence the Cudgeler, an experienced MiFi of Okawaru (D:5)
  Prince Ribbit (D:4)
  Eustachio (D:4)
  Sigmund (D:4)
  A giant frog (D:4)
  A hound (D:4)
  A jelly (D:5)
  3 orc wizards (D:4)
  An orc priest (D:4)
  5 worker ants
  6 adders
  4 gnolls
  2 river rats (D:5)
  2 giant mites (D:1)
  A worm (D:3)
  15 orcs
  14 goblins
  9 hobgoblins
  2 jackals (D:1)
  7 kobolds
  4 quokkas
  A ball python (D:3)
  11 bats
  4 giant cockroaches
  3 giant geckos
  3 giant newts (D:2)
  A quokka skeleton (D:5)
  10 rats
115 creatures vanquished.

Vanquished Creatures (collateral kills)
  A giant frog skeleton (D:4)
1 creature vanquished.

Grand Total: 116 creatures vanquished

Notes
Turn   | Place    | Note
--------------------------------------------------------------
     0 | D:1      | faibistes, the Deep Elf Wizard, began the quest for the Orb.
     0 | D:1      | Reached XP level 1. HP: 10/10 MP: 6/6
   320 | D:1      | Reached XP level 2. HP: 15/15 MP: 5/10
   343 | D:1      | Learned a level 2 spell: Blink
   346 | D:1      | Learned a level 2 spell: Call Imp
   665 | D:1      | Reached skill level 5 in Spellcasting
   744 | D:2      | Reached XP level 3. HP: 16/19 MP: 5/14
   801 | D:2      | Found a bloodstained altar of Trog.
   822 | D:2      | Learned a level 3 spell: Conjure Flame
   826 | D:2      | Learned a level 3 spell: Mephitic Cloud
  1493 | D:2      | Reached XP level 4. HP: 20/24 MP: 8/17
  1556 | D:2      | Learned a level 2 spell: Repel Missiles
  3150 | D:4      | Noticed a giant frog
  3156 | D:4      | Killed a giant frog
  3156 | D:4      | Reached skill level 6 in Spellcasting
  3156 | D:4      | Reached XP level 5. HP: 28/28 MP: 12/20
  3316 | D:4      | Noticed Prince Ribbit
  3318 | D:4      | Got a translucent dagger
  3337 | D:4      | Killed Prince Ribbit
  3337 | D:4      | Reached skill level 7 in Spellcasting
  3337 | D:4      | Reached XP level 6. HP: 32/32 MP: 14/23
  3558 | D:4      | Reached XP level 7. HP: 30/37 MP: 8/25
  3652 | D:4      | Noticed Eustachio
  3668 | D:4      | Killed Eustachio
  3668 | D:4      | Reached skill level 1 in Fighting
  3668 | D:4      | Reached skill level 5 in Dodging
  3675 | D:4      | Reached skill level 8 in Spellcasting
  4029 | D:5      | Entered Level 5 of the Dungeon
  4046 | D:4      | Noticed Sigmund
  4052 | D:4      | Killed Sigmund
  4568 | D:5      | Found a sparkling altar of Nemelex Xobeh.
  4588 | D:5      | Noticed PeterLawrence's ghost (experienced MiFi)
  4598 | D:5      | Killed PeterLawrence's ghost
  4598 | D:5      | Reached skill level 9 in Spellcasting
  4598 | D:5      | Reached XP level 8. HP: 30/46 MP: 10/28
  4810 | D:5      | Found an iron altar of Okawaru.
  4963 | D:5      | Found Schympuxy's Food Emporium.
  4990 | D:5      | Noticed a wyvern
  4999 | D:5      | Killed from afar by an orc priest

Action                   |  1- 3 |  4- 6 |  7- 9 || total
-------------------------+-------+-------+-------++-------
Melee: Short sword       |       |     3 |    21 ||    24
 Cast: Magic Dart        |    81 |   112 |    88 ||   281
       Repel Missiles    |       |     3 |       ||     3
       Mephitic Cloud    |       |     4 |     6 ||    10
       Call Imp          |       |     2 |     2 ||     4
       Conjure Flame     |       |       |     9 ||     9
       Blink             |       |       |     2 ||     2
  Use: Scroll            |       |     3 |       ||     3
 Stab: Confused          |       |     1 |     1 ||     2
       Sleeping          |       |       |     1 ||     1
  Eat: Chunk             |     2 |     6 |     4 ||    12
